 Dungeon Crawl Stone Soup version 0.24-a0-333-g864f2b5 (webtiles) character file.

Game seed: 15401747887244038574

3107 Spazmo the Thaumaturge (level 9, -5/45 HPs)
             Began as a Deep Elf Fire Elementalist on May 17, 2019.
             Was an Elder of Vehumet.
             Slain by a seven-headed hydra (7 damage)
             ... on level 7 of the Dungeon.
             The game lasted 00:27:29 (6057 turns).

Spazmo the Thaumaturge (Deep Elf Fire Elementalist) Turns: 6057, Time: 00:27:29

Health: -5/45      AC:  5    Str:  5    XL:     9   Next: 60%
Magic:  14/25      EV: 18    Int: 27    God:    Vehumet [****..]
Gold:   442        SH:  0    Dex: 20    Spells: 5/28 levels left

rFire    . . .     SeeInvis .   o - +0 whip (elec)
rCold    + . .     Gourm    .   (no shield)
rNeg     . . .     Faith    .   g - +1 robe {rC+}
rPois    .         Spirit   .   i - +1 helmet {Int+3}
rElec    .         Reflect  .   (no cloak)
rCorr    .         Harm     .   (no gloves)
MR       .....                  (no boots)
Stlth    ++++......             m - amulet of the acrobat
HPRegen  0.15/turn              (no ring)
MPRegen  0.19/turn              (no ring)

@: agile
A: no striking features
a: Renounce Religion


You were on level 7 of the Dungeon.
You worshipped Vehumet.
Vehumet was greatly pleased with you.
You were not hungry.

You visited 1 branch of the dungeon, and saw 7 of its levels.
You also visited: Ossuary.

You collected 442 gold pieces.

Inventory:

Hand Weapons
 j - a +2 dagger of draining
 o - a +0 whip of electrocution (weapon)
Missiles
 e - 73 stones (quivered)
Armour
 g - a +1 robe of cold resistance (worn)
 i - a +1 helmet of intelligence (worn)
Jewellery
 m - an amulet of the acrobat (around neck)
Wands
 p - a wand of scattershot (6)
 r - a wand of random effects (31)
 t - a wand of polymorph (11)
 v - a wand of acid (5)
Scrolls
 d - a scroll of teleportation
 f - a scroll of amnesia
 h - 5 scrolls of identify
 l - a scroll of remove curse
Potions
 b - 2 potions of flight
 k - a potion of might
 n - 5 potions of curing
 q - a potion of mutation
Comestibles
 a - a chunk of flesh
 c - 11 rations


   Skills:
 - Level 2.6 Dodging
 - Level 2.7 Stealth
 + Level 10.0 Spellcasting
 + Level 7.3 Conjurations
 + Level 3.1 Translocations
 + Level 8.0 Fire Magic
 + Level 5.6 Earth Magic


You had 5 spell levels left.
You knew the following spells:

 Your Spells              Type           Power        Failure   Level  Hunger
a - Flame Tongue          Conj/Fire      #####        1%          1    None
b - Throw Flame           Conj/Fire      ######       1%          2    None
c - Conjure Flame         Conj/Fire      ######..     1%          3    None
d - Sticky Flame          Conj/Fire      ######..     1%          4    None
e - Fireball              Conj/Fire      ######....   1%          5    ####...
f - Magic Dart            Conj           ####         1%          1    None
g - Stone Arrow           Conj/Erth      #####.       1%          3    None
h - Force Lance           Conj/Tloc      #####...     1%          4    None

Your spell library contained the following spells:

 Spells                   Type           Power        Failure   Level  Hunger
 Lee's Rapid Deconstruct  Erth           #####.....   3%          5    ####...
 Inner Flame              Hex/Fire       #####...     1%          3    None


Dungeon Overview and Level Annotations

Branches:
Dungeon (7/15)             Temple (0/1) D:6

Altars:
Dithmenos
Fedhas
Kikubaaqudgha
Qazlal
Vehumet
Yredelemnul
Zin

Shops:
D:5 [*   D:6 (


Message History

The seven-headed hydra bites you. x3
The seven-headed hydra closely misses you. x2
Unknown command.
Casting: Sticky Flame (safe; 1% risk of failure)
Confirm with . or Enter, or press ? or * to list all spells.
Aiming: Force Lance (safe; 1% risk of failure)
Press: ? - help, Shift-Dir - straight line, f/p - seven-headed hydra
Aim: a seven-headed hydra (flame, moderately wounded, covered in liquid flames)
The lance of force hits the seven-headed hydra.
The seven-headed hydra is heavily wounded.
The seven-headed hydra burns!
The seven-headed hydra is engulfed in blazing flames.
The seven-headed hydra completely misses you. x2
The seven-headed hydra misses you. The seven-headed hydra bites you.
The seven-headed hydra bites you!
* * * LOW HITPOINT WARNING * * *
The seven-headed hydra bites you.
* * * LOW HITPOINT WARNING * * *
The seven-headed hydra bites you!
You die...

##... ..# ...## #.#
..... #(# #...##
#.# #####....# #.#
......#.####p######
#.........p.....#
#####..$##.###.#
......>...)D@..#
#####.##...##### #.
##..## # #.[.#
#.#.## #.#..#
#..#.## ##.#..# #.#
#..#.## #.#


You could see a seven-headed hydra (burning).

Vanquished Creatures
  Pikel (D:7)
  A troll (D:6)
  2 steam dragons (D:6)
  2 orc warriors
  A black bear (D:3)
  A slave (D:7)
  A phantom (D:5)
  2 ogres (D:6)
  A centaur (D:6)
  3 bullfrogs (D:7)
  9 wights
  A howler monkey (D:6)
  A bullfrog zombie (D:6)
  3 crimson imps
  A human zombie (Ossuary)
  2 hounds
  7 orc priests
  5 orc wizards
  2 centaur skeletons
  An iguana (D:6)
  2 worker ants
  A mummy (Ossuary)
  Robin (D:2)
  11 adders
  2 shadow imps (D:6)
  An ooze (D:3)
  3 worms (D:3)
  A leopard gecko (D:3)
  35 orcs
  4 giant cockroaches
  21 goblins
  12 hobgoblins
  8 jackals (D:2)
  5 kobolds
  6 quokkas
  3 ball pythons
  13 bats
  7 frilled lizards
  A jackal skeleton (D:6)
  A leopard gecko skeleton (D:6)
  8 rats
193 creatures vanquished.

Vanquished Creatures (others)
  A slave (D:7)
  A hungry ghost (D:7)
  A human (D:6)
3 creatures vanquished.

Grand Total: 196 creatures vanquished

Notes
Turn   | Place    | Note
-------+----------+-------------------------------------------
     0 | D:1      | Spazmo the Deep Elf Fire Elementalist began the quest for
                  | the Orb.
     0 | D:1      | Reached XP level 1. HP: 10/10 MP: 6/6
   135 | D:1      | Reached XP level 2. HP: 15/15 MP: 0/8
   139 | D:1      | Learned a level 2 spell: Throw Flame
   774 | D:1      | Reached XP level 3. HP: 19/19 MP: 5/10
   779 | D:1      | Learned a level 3 spell: Conjure Flame
   978 | D:2      | Found a radiant altar of Vehumet.
   983 | D:2      | Became a worshipper of Vehumet
  1061 | D:2      | Noticed Robin
  1072 | D:2      | Killed Robin
  1072 | D:2      | Reached skill level 4 in Spellcasting
  1135 | D:2      | Reached XP level 4. HP: 19/24 MP: 4/12
  1141 | D:2      | Learned a level 4 spell: Sticky Flame
  1324 | D:2      | Reached * piety under Vehumet
  1324 | D:2      | Offered knowledge of Shock by Vehumet.
  1558 | D:2      | Found a faded altar of an unknown god.
  1558 | D:2      | Found a blossoming altar of Fedhas.
  1563 | D:2      | Found a stormy altar of Qazlal.
  1568 | D:2      | Found a faded altar of an unknown god.
  1569 | D:2      | Found a glowing silver altar of Zin.
  2047 | D:3      | Noticed a black bear
  2056 | D:3      | Killed a black bear
  2056 | D:3      | Reached skill level 5 in Spellcasting
  2056 | D:3      | Reached XP level 5. HP: 24/28 MP: 2/14
  2169 | D:3      | Reached ** piety under Vehumet
  2169 | D:3      | Offered knowledge of Magic Dart by Vehumet.
  2172 | D:3      | Learned a level 1 spell: Magic Dart
  2388 | D:3      | Reached skill level 5 in Fire Magic
  2388 | D:3      | Reached XP level 6. HP: 26/32 MP: 4/16
  2541 | D:3      | Learned a level 5 spell: Fireball
  2659 | D:3      | Found a basalt altar of Yredelemnul.
  2731 | D:4      | Offered knowledge of Stone Arrow by Vehumet.
  3072 | D:4      | Reached skill level 6 in Spellcasting
  3157 | D:4      | Reached XP level 7. HP: 36/36 MP: 13/19
  3160 | D:4      | Reached skill level 7 in Spellcasting
  3175 | D:4      | Learned a level 3 spell: Stone Arrow
  3433 | D:5      | Entered Level 5 of the Dungeon
  3563 | D:5      | Reached skill level 1 in Earth Magic
  3606 | D:5      | Found a sand-covered staircase.
  3675 | Ossuary  | Entered an ossuary
  3883 | D:5      | Found Buxyor's Bounteous Boutique.
  4040 | D:5      | Found Zefoysch's Antique Armour Shop.
  4223 | D:5      | Reached skill level 5 in Conjurations
  4299 | D:6      | Noticed a steam dragon
  4300 | D:6      | Reached *** piety under Vehumet
  4301 | D:6      | Noticed a steam dragon
  4305 | D:6      | Killed a steam dragon
  4305 | D:6      | Reached skill level 8 in Spellcasting
  4305 | D:6      | Reached XP level 8. HP: 41/41 MP: 6/22
  4415 | D:6      | Found Jotenul's Antique Weapon Emporium.
  4418 | D:6      | Found an ancient bone altar of Kikubaaqudgha.
  4560 | D:6      | Reached skill level 9 in Spellcasting
  4688 | D:6      | Found a shadowy altar of Dithmenos.
  4751 | D:6      | Noticed a troll
  4757 | D:6      | Killed a troll
  4757 | D:6      | Offered knowledge of Force Lance by Vehumet.
  4764 | D:6      | Learned a level 4 spell: Force Lance
  4847 | D:6      | Reached XP level 9. HP: 33/45 MP: 4/24
  5109 | D:6      | Found a staircase to the Ecumenical Temple.
  5377 | D:7      | Reached skill level 1 in Translocations
  5379 | D:7      | Reached **** piety under Vehumet
  5417 | D:7      | Found the +7 pair of quick blades "Gyre" and "Gimble"
                  | {protect}
  5431 | D:7      | Offered knowledge of Lee's Rapid Deconstruction by Vehumet.
  5431 | D:7      | Reached skill level 5 in Earth Magic
  5434 | D:7      | Noticed a seven-headed hydra
  5534 | D:7      | HP: 1/45 [orc wizard/magic dart (4)]
  5874 | D:7      | Noticed Pikel
  5892 | D:7      | Killed Pikel
  5932 | D:7      | Reached skill level 10 in Spellcasting
  6057 | D:7      | HP: 2/45 [seven-headed hydra (2)]
  6057 | D:7      | Slain by a seven-headed hydra

Levels and vault maps discovered:
D:1:      onia_arrival_mini_spirals, layout_rooms
D:2:      layout_loops_corners, chequers_temple_overflow_minitemple,
          vehumet_crystals, uniq_robin
D:3:      layout_rooms, marbit_many_paths, first_ration
D:4:      layout_basic
D:5:      layout_gridville, serial_shops, nicolae_shop_overgrown_old_shop,
          enter_ossuary_3, chequers_serial_rivers_room_b, nicolae_alphabet_shops
D:6:      kennysheep_steamy, layout_gridville, nicolae_dithmenos_shadow_blocks,
          minmay_temple_entry_tees, serial_shops, shop, tgw_kikubaaqudgha
D:7:      cheibrodos_fzero, layout_basic, uniq_pikel

Skill      XL: |  1  2  3  4  5  6  7  8  9 |
---------------+----------------------------+-----
Conjurations   | 2 3 4 5 6 7 |  7.3
Spellcasting   | 4 5 6 8 9 10 | 10.0
Fire Magic     | 4 5 6 7 8 |  8.0
Earth Magic    | 2 4 5 |  5.6
Translocations | 3 |  3.1
Dodging        | |  2.6
Stealth        | |  2.7

Action                   |  1- 3 |  4- 6 |  7- 9 || total
-------------------------+-------+-------+-------++-------
Melee: Dagger            |    19 |       |       ||    19
       Whip              |       |       |     4 ||     4
Throw: Stone             |    13 |    23 |     3 ||    39
 Cast: Flame Tongue      |    75 |   139 |   111 ||   325
       Throw Flame       |       |    13 |    13 ||    26
       Sticky Flame      |       |     1 |     6 ||     7
       Fireball          |       |       |    17 ||    17
       Stone Arrow       |       |       |     9 ||     9
       Conjure Flame     |       |       |     1 ||     1
       Force Lance       |       |       |     1 ||     1
  Use: Potion            |     1 |     2 |     5 ||     8
       Scroll            |     6 |     3 |     8 ||    17
  Eat: Chunk             |     1 |     6 |     8 ||    15
       Ration            |       |       |     1 ||     1
Armor: Robe              |    11 |     9 |     7 ||    27
Dodge: Dodged            |    30 |    19 |    38 ||    87

Table legend:
 A = Non-vault XP
 B = Vault XP
 C = Vault XP percentage of total XP
 D = Non-vault monster count
 E = Vault monster count
 F = Vault count percentage of total count
                 A         B        C        D         E       F
            +---------+---------+-------+---------+---------+-------
      Total |    2966 |    1473 |  33.2 |     168 |      24 |  12.5
            +---------+---------+-------+---------+---------+-------
        D:1 |      42 |       0 |   0.0 |      26 |       0 |   0.0
        D:2 |      69 |      36 |  34.3 |      29 |      12 |  29.3
        D:3 |     345 |       2 |   0.6 |      41 |       1 |   2.4
        D:4 |     299 |       0 |   0.0 |      14 |       0 |   0.0
        D:5 |     443 |       0 |   0.0 |       8 |       0 |   0.0
        D:6 |    1311 |     360 |  21.5 |      41 |       2 |   4.7
        D:7 |     457 |    1012 |  68.9 |       9 |       7 |  43.8
    Ossuary |       0 |      63 | 100.0 |       0 |       2 | 100.0
            +---------+---------+-------+---------+---------+-------
